 Dungeon Crawl Stone Soup version 0.29.0-4-gdea44cf6ec (webtiles) character file.

Game seed: 7359666726127028731

244 qw the Chopper (level 6, -1/35 HPs)
             Began as a Tengu Warper on Aug 28, 2022.
             Killed from afar by Crazy Yiuf (10 damage)
             ... with a bolt of light
             ... on level 3 of the Dungeon.
             The game lasted 00:00:26 (4586 turns).

qw the Chopper (Tengu Warper)                       Turns: 4586, Time: 00:00:26

Health: -1/35      AC:  8    Str: 13    XL:     6   Next: 10%
Magic:  10/10      EV:  7    Int: 13    God:
Gold:   134        SH:  0    Dex: 14    Spells: 9/9 levels left

rFire   . . .      SeeInvis .   Y - +3 war axe
rCold   . . .      Faith    .   (no shield)
rNeg    . . .      Spirit   .   e - +0 chain mail
rPois   .          Reflect  .   (helmet restricted)
rElec   .          Harm     .   (no cloak)
rCorr   .          Rampage  .   (no gloves)
Will    .....                   (boots unavailable)
Stlth   ..........              (no amulet)
HPRegen 0.11/turn               (no ring)
MPRegen 0.12/turn               (no ring)

@: lethally poisoned (-1 -> -5), flying quickly and evasively, slowed, very slow
A: beak, talons 3, nimble flight
a: no special abilities


You were on level 3 of the Dungeon.
You visited 1 branch of the dungeon, and saw 4 of its levels.

You collected 134 gold pieces.


Innate Abilities, Weirdness & Mutations

You have a beak for a mouth.
You have claws for feet.
Your magical nature lets you fly swiftly and evasively.


   Skills:
 - Level 2.0 Fighting
 - Level 6.8 Axes
 - Level 1.0 Throwing
 + Level 1.1 Armour
 - Level 2.1 Dodging
 - Level 2.0 Spellcasting
 - Level 2.4 Translocations


You had 9 spell levels left.
You didn't know any spells.
Your spell library contained the following spells:

 Spells                   Type           Power      Damage    Failure   Level
 Blink                    Tloc           14%        N/A       99%         2
 Gell's Gravitas          Tloc           7%         N/A       100%        3
 Lesser Beckoning         Tloc           7%         N/A       100%        3
 Teleport Other           Tloc           7%         N/A       100%        3
 Manifold Assault         Tloc           7%         N/A       100%        5

Inventory:

Hand Weapons
 a - a +0 flail
 Y - a +3 war axe (weapon)
Armour
 e - a +0 chain mail (worn)
Scrolls
 k - 2 scrolls of identify
Potions
 c - a potion of haste
 f - 4 potions of curing
 h - a potion of heal wounds
 m - a potion of might

Dungeon Overview and Level Annotations

Branches:
Dungeon (4/15)
 Temple: D:4-7

Altars:
Cheibriados
Gozag
Hepliaklqana
Ru
Vehumet

Annotations:
D:3 Crazy Yiuf


Message History

It was a scroll of poison.
Could not explore, unopened runed door.
4579 ||| READING 4 scrolls of identify.
As you read the scroll of identify, it crumbles to dust.
j - a potion of brilliance;
4579 ||| IDENTIFYING pink potion Could not explore, unopened runed door.
4580 ||| READING 3 scrolls of identify.
As you read the scroll of identify, it crumbles to dust.
m - a potion of might
4580 ||| IDENTIFYING fuming silvery potion Could not explore, unopened runed door.
4581 ||| DROPPING potion of brilliance.
You drop a potion of brilliance.
Could not explore, unopened runed door.
(D) Dungeon
Where to? (* - list waypoints, Enter - D:4, ? - help)
What level of the Dungeon? (default 1, ? - help) Sorry, I don't know how to get there.
Could not explore, unopened runed door.
4582 ||| Stepping randomly (stuck).
You reach down and open the door.
You hit Crazy Yiuf. You peck Crazy Yiuf.
Crazy Yiuf is moderately wounded.
Crazy Yiuf hits you with a +2 quarterstaff of chaos!
You are poisoned.
Crazy Yiuf zaps a wand.
The bolt of light hits you!!
Ouch! That really hurt!
4584 ||| DRINKING 2 potions of heal wounds.
You feel much better.
You feel sick.
Crazy Yiuf screams, "Iron!"
Crazy Yiuf hits you with a +2 quarterstaff of chaos!
Crazy Yiuf burns you.
You slash Crazy Yiuf! You peck Crazy Yiuf.
Crazy Yiuf is almost dead.
You feel sick. Crazy Yiuf hits you but does no damage.
You feel yourself slow down.
You hit Crazy Yiuf. You claw Crazy Yiuf. Your peck misses Crazy Yiuf.
Crazy Yiuf is almost dead.
You feel sick. Crazy Yiuf barely misses you.
Crazy Yiuf zaps a wand.
The bolt of light hits you!
You die...

# #....#
##...# ###
#....# #...#
..#######
#....# #...#
#.......####
#...## #...#
#######....#
##)## #...#
###### #0##
#...# ##0#
#...# #ยค##
##### ##@#
#g# ...
#.))# #..)#
#####


You could see Crazy Yiuf.

Vanquished Creatures
  A necrophage (D:4)
  8 gnolls
  4 adders
  2 worms (D:2)
  4 dart slugs
  An orc (D:4)
  3 bats (D:2)
  3 endoplasms
  2 giant cockroaches
  3 goblins
  5 hobgoblins
  2 jackals (D:4)
  7 quokkas
  4 ball pythons
  A frilled lizard (D:1)
  5 kobolds
  5 rats
60 creatures vanquished.

Notes
Turn   | Place    | Note
-------+----------+-------------------------------------------
     0 | D:1      | qw the Tengu Warper began the quest for the Orb.
     0 | D:1      | Reached XP level 1. HP: 12/12 MP: 4/4
     0 | D:1      | 0 ||| qw: Version: 0.1-a-89-g26bdef1
     0 | D:1      | 0 ||| qw: Game counter: 2319
     0 | D:1      | 0 ||| qw: Always use a shield: true
     0 | D:1      | 0 ||| qw: God list: Okawaru
     0 | D:1      | 0 ||| qw: Allow faded altars: false
     0 | D:1      | 0 ||| qw: Do Orc after D:15 true
     0 | D:1      | 0 ||| qw: Do second Lair branch before Depths: true
     0 | D:1      | 0 ||| qw: Lair rune preference: random
     0 | D:1      | 0 ||| qw: Plans: Normal
     0 | D:1      | 0 ||| PLANNING D:1-11
    18 | D:1      | 18 ||| Stepping ~*~*~tactically~*~*~ (hiding).
   127 | D:1      | 127 ||| SWAPPING to +0 war axe.
   128 | D:1      | 128 ||| DROPPING +0 hand axe.
   277 | D:1      | Reached skill level 3 in Axes
   277 | D:1      | Reached XP level 2. HP: 17/17 MP: 6/6
   501 | D:1      | 501 ||| Stepping ~*~*~tactically~*~*~ (hiding).
   603 | D:1      | 603 ||| Stepping ~*~*~tactically~*~*~ (hiding).
   671 | D:1      | Noticed a golden eye
   672 | D:1      | Found a faded altar of an unknown god.
   674 | D:1      | 674 ||| READING scroll labelled JIGEINUISI.
   675 | D:1      | 675 ||| READING scroll labelled LUNUJAC JATOH.
   686 | D:1      | Noticed a floating eye
   686 | D:1      | Noticed a floating eye
   686 | D:1      | Noticed a floating eye
   696 | D:1      | 696 ||| DROPPING +0 mace.
   821 | D:1      | 821 ||| Stepping ~*~*~tactically~*~*~ (stealth).
  1382 | D:1      | 1382 ||| READING scroll labelled KIANGE RYXAF.
  1383 | D:1      | 1383 ||| READING 2 scrolls labelled LAGAKH WASIMI.
  1387 | D:1      | 1387 ||| READING scroll labelled GOSYBB NAAJOU.
  1388 | D:1      | 1388 ||| DRINKING 2 fizzy golden potions.
  1389 | D:1      | 1389 ||| DRINKING 2 viscous white potions.
  1390 | D:1      | 1390 ||| DROPPING scroll of blinking.
  1456 | D:2      | Reached XP level 3. HP: 19/21 MP: 7/7
  1489 | D:2      | 1489 ||| Stepping ~*~*~tactically~*~*~ (stealth).
  1595 | D:2      | Reached skill level 4 in Axes
  1615 | D:2      | 1615 ||| Stepping ~*~*~tactically~*~*~ (stealth).
  1621 | D:2      | 1621 ||| Stepping ~*~*~tactically~*~*~ (stealth).
  1645 | D:2      | 1645 ||| Stepping ~*~*~tactically~*~*~ (stealth).
  1647 | D:2      | 1647 ||| Stepping ~*~*~tactically~*~*~ (stealth).
  1649 | D:2      | 1649 ||| Stepping ~*~*~tactically~*~*~ (stealth).
  1685 | D:2      | 1685 ||| Stepping ~*~*~tactically~*~*~ (stealth).
  1686 | D:2      | 1686 ||| Stepping ~*~*~tactically~*~*~ (stealth).
  1731 | D:2      | 1731 ||| Stepping ~*~*~tactically~*~*~ (stealth).
  1733 | D:2      | 1733 ||| Stepping ~*~*~tactically~*~*~ (stealth).
  1773 | D:2      | 1773 ||| Stepping ~*~*~tactically~*~*~ (stealth).
  1779 | D:2      | 1779 ||| Stepping ~*~*~tactically~*~*~ (stealth).
  1780 | D:2      | 1780 ||| Stepping ~*~*~tactically~*~*~ (stealth).
  1856 | D:2      | Reached XP level 4. HP: 18/26 MP: 8/8
  2006 | D:2      | 2006 ||| READING scroll of enchant weapon.
  2006 | D:2      | 2006 ||| ENCHANTING +1 war axe.
  2046 | D:2      | Found an opulent altar of Gozag.
  2059 | D:2      | 2059 ||| Stepping ~*~*~tactically~*~*~ (hiding).
  2145 | D:2      | 2145 ||| Stepping ~*~*~tactically~*~*~ (hiding).
  2247 | D:2      | 2247 ||| Stepping ~*~*~tactically~*~*~ (hiding).
  2508 | D:2      | 2508 ||| UPGRADING to +0 ring mail.
  2518 | D:2      | 2518 ||| DROPPING +0 leather armour.
  2519 | D:2      | 2519 ||| DROPPING orb of mayhem.
  2520 | D:2      | 2520 ||| DROPPING +6 ring of intelligence.
  2521 | D:2      | 2521 ||| READING 3 scrolls labelled NOAL MY LIAZO.
  2522 | D:2      | 2522 ||| READING scroll labelled AZA QAHIBRO.
  2523 | D:2      | 2523 ||| READING 2 scrolls of identify.
  2523 | D:2      | 2523 ||| IDENTIFYING metallic black potion
  2524 | D:2      | 2524 ||| DROPPING 2 scrolls of vulnerability.
  2617 | D:3      | 2617 ||| Stepping ~*~*~tactically~*~*~ (stealth).
  2623 | D:3      | Reached skill level 5 in Axes
  2832 | D:3      | Found a snail-covered altar of Cheibriados.
  2838 | D:3      | Found a hazy altar of Hepliaklqana.
  2841 | D:3      | Found a sacrificial altar of Ru.
  2980 | D:3      | Found a runed translucent door.
  2981 | D:3      | Noticed Crazy Yiuf
  3032 | D:3      | Gained mutation: Your magical nature lets you fly swiftly
                  | and evasively. [Tengu growth]
  3032 | D:3      | Reached XP level 5. HP: 21/30 MP: 9/9
  3168 | D:3      | 3168 ||| READING scroll of enchant weapon.
  3168 | D:3      | 3168 ||| ENCHANTING +2 war axe.
  3422 | D:3      | 3422 ||| DRINKING 2 blue potions.
  3423 | D:3      | 3423 ||| READING 2 scrolls of identify.
  3423 | D:3      | 3423 ||| IDENTIFYING black potion
  3424 | D:3      | 3424 ||| DROPPING potion of ambrosia.
  3425 | D:3      | 3425 ||| DROPPING potion of flight.
  3453 | D:4      | 3453 ||| STAIRDANCE
  3527 | D:4      | 3527 ||| STAIRDANCE
  3710 | D:4      | 3710 ||| STAIRDANCE
  3818 | D:4      | HP: 7/30 [gnoll/+0 spear (8)]
  3819 | D:4      | 3819 ||| READING scroll of teleportation.
  3819 | D:4      | HP: 2/30 [gnoll/+0 spear (5)]
  3820 | D:4      | 3820 ||| DRINKING 3 potions of heal wounds.
  3822 | D:4      | Reached skill level 6 in Axes
  4024 | D:4      | 4024 ||| Stepping ~*~*~tactically~*~*~ (stealth).
  4062 | D:4      | 4062 ||| Stepping ~*~*~tactically~*~*~ (stealth).
  4086 | D:4      | Found a radiant altar of Vehumet.
  4373 | D:4      | Reached XP level 6. HP: 24/35 MP: 10/10
  4477 | D:4      | 4477 ||| FLEEEEING.
  4478 | D:4      | 4478 ||| FLEEEEING.
  4480 | D:4      | 4480 ||| FLEEEEING.
  4481 | D:4      | 4481 ||| FLEEEEING.
  4482 | D:4      | 4482 ||| FLEEEEING.
  4483 | D:4      | 4483 ||| FLEEEEING.
  4484 | D:4      | 4484 ||| FLEEEEING.
  4485 | D:4      | 4485 ||| FLEEEEING.
  4486 | D:4      | 4486 ||| FLEEEEING.
  4487 | D:4      | 4487 ||| FLEEEEING.
  4488 | D:4      | 4488 ||| FLEEEEING.
  4489 | D:4      | 4489 ||| FLEEEEING.
  4490 | D:4      | 4490 ||| FLEEEEING.
  4491 | D:4      | 4491 ||| FLEEEEING.
  4492 | D:4      | 4492 ||| STAIRDANCE
  4566 | D:3      | 4566 ||| UPGRADING to +0 chain mail.
  4576 | D:3      | 4576 ||| DROPPING +0 ring mail.
  4577 | D:3      | 4577 ||| READING scroll labelled SIM UGUSSEMO.
  4578 | D:3      | 4578 ||| READING scroll labelled YNTEM NEANNILA.
  4579 | D:3      | 4579 ||| READING 4 scrolls of identify.
  4579 | D:3      | 4579 ||| IDENTIFYING pink potion
  4580 | D:3      | 4580 ||| READING 3 scrolls of identify.
  4580 | D:3      | 4580 ||| IDENTIFYING fuming silvery potion
  4581 | D:3      | 4581 ||| DROPPING potion of brilliance.
  4582 | D:3      | 4582 ||| Stepping randomly (stuck).
  4583 | D:3      | HP: 5/35 [Crazy Yiuf/bolt of light (20)]
  4584 | D:3      | 4584 ||| DRINKING 2 potions of heal wounds.
  4586 | D:3      | Killed from afar by Crazy Yiuf

Levels and vault maps discovered:
D:1:      erik_arrival_blinker_ship, layout_basic,
          hellmonk_ecumenical_altar_watching_god, minivault_11
D:2:      layout_rooms, basic_altar
D:3:      layout_rooms, minmay_overflow_temple_star_quad,
          uniq_crazy_yiuf_cottage
D:4:      layout_cave_pods, vehumet_crystals,
          amcnicky_mini_rare_corridor_liquid, wad_floor_pattern_untrapped,
          minmay_misc_feat_five

Skill      XL: |  1  2  3  4  5 |
---------------+----------------+-----
Axes           | 3 4 5 6 |  6.8
Fighting       | |  2.0
Throwing       | |  1.0
Armour         | |  1.1
Dodging        | |  2.1
Spellcasting   | |  2.0
Translocations | |  2.4

Action                   |  1- 3 |  4- 6 || total
-------------------------+-------+-------++-------
Melee: War axe           |    66 |    76 ||   142
       Hand axe          |     4 |       ||     4
       Kick              |    12 |    19 ||    31
       Punch             |     1 |     1 ||     2
       Peck              |    11 |    11 ||    22
Throw: Boomerang         |     7 |       ||     7
  Use: Scroll            |     5 |    11 ||    16
       Potion            |     2 |     3 ||     5
Armor: Leather armour    |    15 |     3 ||    18
       Ring mail         |       |    10 ||    10
       Chain mail        |       |     1 ||     1
Dodge: Dodged            |    37 |    41 ||    78

Table legend:
 A = Non-vault XP
 B = Vault XP
 C = Vault XP percentage of total XP
 D = Non-vault monster count
 E = Vault monster count
 F = Vault count percentage of total count
                 A         B        C        D         E       F
            +---------+---------+-------+---------+---------+-------
      Total |     349 |       0 |   0.0 |      60 |       0 |   0.0
            +---------+---------+-------+---------+---------+-------
        D:1 |      30 |       0 |   0.0 |      16 |       0 |   0.0
        D:2 |      70 |       0 |   0.0 |      22 |       0 |   0.0
        D:3 |     121 |       0 |   0.0 |      12 |       0 |   0.0
        D:4 |     128 |       0 |   0.0 |      10 |       0 |   0.0
            +---------+---------+-------+---------+---------+-------
